 Dungeon Crawl Stone Soup version 0.21.1-1-g345015f (webtiles) character file.

35 Mirai the Magician (level 3, -1/28 HPs)
             Began as a Deep Elf Conjurer on Apr 1, 2018.
             Slain by an adder (3 damage)
             ... on level 1 of the Dungeon.
             The game lasted 00:03:02 (692 turns).

Mirai the Magician (Deep Elf Conjurer)               Turns: 692, Time: 00:03:03

Health: -1/28      AC:  2    Str:  9 (10) XL:     3   Next: 16%
Magic:  1/11       EV: 12    Int: 19 (20) God:
Gold:   35         SH:  0    Dex: 12 (15) Spells: 9/12 levels left

rFire    . . .     SeeInvis .   f - +0 dagger (drain)
rCold    . . .     Gourm    .   (no shield)
rNeg     . . .     Faith    .   a - +0 robe
rPois    .         Spirit   .   (no helmet)
rElec    .         Reflect  .   (no cloak)
rCorr    .         Harm     .   (no gloves)
MR       .....                  (no boots)
Stlth    ..........             (no amulet)
HPRegen  0.09/turn              (no ring)
MPRegen  0.12/turn              (no ring)

@: berserking, lethally poisoned (-1 -> -4), very quick
A: no striking features
a: no special abilities


You were on level 1 of the Dungeon.
You were not hungry.

You visited 1 branch of the dungeon, and saw 2 of its levels.

You collected 35 gold pieces.

Inventory:

Hand Weapons
 f - a +0 dagger of draining (weapon)
Armour
 a - a +0 robe (worn)
Scrolls
 e - 5 scrolls of enchant weapon {unknown}
 h - a scroll of identify {unknown}
 i - a scroll of enchant armour {unknown}
 j - a scroll of fog {unknown}
 k - 2 scrolls of remove curse {unknown}
 l - a scroll of teleportation {unknown}
Books
 b - a book of Conjurations

   Spells                             Type                      Level
   a - Magic Dart                     Conjuration                  1
   b - Searing Ray                    Conjuration                  2
   c - Dazzling Spray                 Conjuration/Hexes            3
   d - Fulminant Prism                Conjuration/Hexes            4
   e - Force Lance                    Conjuration/Translocation    4
   f - Iskenderun's Mystic Blast      Conjuration                  4
Comestibles
 c - a ration


   Skills:
 - Level 2.4 Dodging
 - Level 2.4 Stealth
 + Level 5.1 Spellcasting
 - Level 4.3 Conjurations


You had 9 spell levels left.
You knew the following spells:

 Your Spells              Type           Power        Failure   Level  Hunger
a - Magic Dart            Conj           ###.         1%          1    None
b - Searing Ray           Conj           ###...       3%          2    #......


Dungeon Overview and Level Annotations

Branches:
Dungeon (2/15)

Altars:


Message History

Without enough magic to sustain it, your searing ray dissipates.
The adder bites you.
* * * LOW HITPOINT WARNING * * *
You are lethally poisoned!
The adder poisons you!
Unknown command.
It was a potion of degeneration.
There was something very wrong with that liquid.
You feel weakened.
You feel dopey.
You feel clumsy.
* * * LOW HITPOINT WARNING * * *
You feel sick. The adder completely misses you. The adder misses you.
Unknown command.
It was a potion of berserk rage.
A red film seems to cover your vision as you go berserk!
You feel yourself moving faster!
You feel mighty! The adder closely misses you.
You miss the adder.
* * * LOW HITPOINT WARNING * * *
You feel sick. The adder closely misses you.
You barely miss the adder. The adder bites you.
You die...

###..# .....#######
...........######
....######......#
....# ######.##
....# #..# ###.#
##.# ....# #.#
..### #@# ..# #S#
### #.#
################.##
........#.........#
#######.#.........#
.................>#
..................#
####..............#


You could see an adder.

Vanquished Creatures
  An ooze (D:1)
  A dart slug (D:2)
  A worm (D:2)
  A leopard gecko (D:1)
  A giant cockroach (D:1)
  3 goblins
  6 hobgoblins
  A quokka (D:2)
  4 bats
  2 kobolds (D:1)
  3 rats (D:1)
24 creatures vanquished.

Notes
Turn   | Place    | Note
-------+----------+-------------------------------------------
     0 | D:1      | Mirai the Deep Elf Conjurer began the quest for the Orb.
     0 | D:1      | Reached XP level 1. HP: 10/10 MP: 6/6
    49 | D:1      | Reached skill level 4 in Spellcasting
    49 | D:1      | Reached XP level 2. HP: 9/15 MP: 0/9
    85 | D:1      | Learned a level 2 spell: Searing Ray
   338 | D:1      | You fall through a shaft!
   620 | D:2      | Reached XP level 3. HP: 15/19 MP: 7/11
   623 | D:2      | Reached skill level 5 in Spellcasting
   692 | D:1      | Slain by an adder

Skill      XL: |  1  2  3 |
---------------+----------+-----
Spellcasting   | 4 5 |  5.1
Dodging        | |  2.4
Stealth        | |  2.4
Conjurations   | |  4.3

Action                   || total
-------------------------++-------
Melee: Dagger            ||     2
 Cast: Magic Dart        ||    43
       Searing Ray       ||     4
  Use: Potion            ||     2
Armor: Robe              ||     5
Dodge: Dodged            ||    28
